 Dungeon Crawl Stone Soup version 0.30.0 (webtiles) character file.

Game seed: 6185305335240690476

173042 frystalian the Destroyer (level 17, 0/140 HPs)
             Began as a Grey Draconian Conjurer on May 21, 2023.
             Was an Initiate of Gozag.
             Killed by Olgreb's Toxic Radiance
             ... invoked by senlim's ghost
              (2 damage)
             ... on level 4 of the Swamp on May 25, 2023.
             The game lasted 08:03:19 (34982 turns).

frystalian the Destroyer (Grey Draconian Conjurer) Turns: 34982, Time: 08:03:23

Health: 0/140      AC: 20    Str: 11    XL:     17   Next: 42%
Magic:  0/30       EV: 20    Int: 25    God:    Gozag
Gold:   1248       SH:  0    Dex: 10    Spells: 2/35 levels left

rFire   . . .        e - +6 demon whip (venom)
rCold   . . .        (no shield)
rNeg    . . .        (body armour unavailable)
rPois   +            T - +2 hat
rElec   .            D - +0 cloak
rCorr   .            b - +1 pair of gloves
SInv    .            j - +0 pair of boots
Will    +....        X - amulet of regeneration
Stlth   ++           R - +5 ring of evasion
HPRegen 1.23/turn    x - ring of poison resistance
MPRegen 0.22/turn

%: no passive effects
@: lethally poisoned (0 -> -1), about to teleport, contaminated, glowing
A: AC +14, amphibious, unfitting armour, cold-blooded
a: Renounce Religion, Potion Petition, Call Merchant, Bribe Branch


You were on level 4 of the Swamp.
You worshipped Gozag.
Gozag was most pleased with you.
You visited 5 branches of the dungeon, and saw 27 of its levels.
You also visited: Ossuary.

You collected 10487 gold pieces.
You spent 5369 gold pieces at shops.
You paid 3870 gold pieces to Gozag.

Inventory:

Hand Weapons
 e - a +6 demon whip of venom (weapon)
 E - a +3 flail of protection
Missiles
 o - 231 stones
 y - 69 poisoned darts
 A - 2 throwing nets
Armour
 b - a +1 pair of gloves (worn)
 j - a +0 pair of boots (worn)
 D - a +0 cloak (worn)
 T - a +2 hat (worn)
Magical Staves
 c - a staff of conjuration
Jewellery
 a - a ring of see invisible
 g - an amulet of magic regeneration
 l - a ring of protection from cold
 p - a ring of flight
 x - a ring of poison resistance (right hand)
 B - a ring of protection from fire
 F - the amulet "Bassaymu" {Spirit rF+}
   (You found it on level 5 of the Lair of Beasts)

   [amulet of guardian spirit]

   It causes incoming damage to be divided between your reserves of health and
   magic.
   rF:        It protects you from fire.
 J - a ring of wizardry
 R - a +5 ring of evasion (left hand)
 S - a +4 ring of protection
 W - a ring of willpower
 X - an amulet of regeneration (around neck)
 Y - a ring of magical power
Wands
 f - a wand of digging (10)
 i - a wand of mindburst (26)
 k - a wand of flame (51)
 v - a wand of roots (10)
 C - a wand of acid (6)
 V - a wand of paralysis (9)
Scrolls
 n - 3 scrolls of enchant armour
 q - 9 scrolls of immolation
 u - 5 scrolls of teleportation
 w - 5 scrolls of brand weapon
 H - a scroll of fog
 I - 5 scrolls of magic mapping
 M - 2 scrolls of poison
 N - a scroll of amnesia
 P - 4 scrolls of blinking
 Z - 7 scrolls of identify
Potions
 h - 2 potions of haste
 m - 4 potions of brilliance
 s - a potion of lignification
 t - 7 potions of curing
 z - 6 potions of mutation
 G - 2 potions of resistance
 K - 4 potions of flight
 L - 2 potions of cancellation
 Q - 2 potions of invisibility
 U - 3 potions of might
Miscellaneous
 r - a phial of floods
 O - a lightning rod (2/4)


   Skills:
 - Level 10.1 Fighting
 + Level 8.3(8.6) Maces & Flails
 - Level 3.0(3.7) Polearms
 - Level 3.2(6.6) Staves
 + Level 9.1 Dodging
 - Level 9.6 Stealth
 + Level 9.7 Spellcasting
 * Level 14.2 Conjurations
 + Level 8.7 Hexes
 + Level 4.1 Necromancy
 + Level 9.7 Translocations
 + Level 6.1 Transmutations
 + Level 11.7 Earth Magic
 - Level 3.3 Evocations


You had 2 spell levels left.
You knew the following spells:

 Your Spells              Type           Power      Damage    Failure   Level
a - Magic Dart            Conj           100%       1d8       0%          1
b - Searing Ray           Conj           100%       2d8       1%          2
c - Iskenderun's Mystic   Conj/Tloc      64%        2d13      1%          4
d - Fulminant Prism       Conj/Hex       31%        3d16      1%          4
e - Irradiate             Conj/Tmut      29%        3d21      2%          5
f - Stone Arrow           Conj/Erth      100%       3d13      1%          3
g - Lee's Rapid Deconstr  Erth           31%        3d16*     1%          5
h - Passwall              Tmut/Erth      45%        N/A       1%          2
i - Blink                 Tloc           100%       N/A       1%          2
j - Borgnjor's Vile Clut  Necr/Erth      25%        N/A       5%          5

Your spell library contained the following spells:

 Spells                   Type           Power      Damage    Failure   Level
 Beastly Appendage        Tmut           84%        N/A       1%          1
 Sandblast                Erth           100%       2d20      1%          1
 Shock                    Conj/Air       100%       1d9       1%          1
 Ensorcelled Hibernation  Hex/Ice        66%        N/A       1%          2
 Sublimation of Blood     Necr           32%        N/A       1%          2
 Wereblood                Tmut           42%        N/A       1%          2
 Summon Small Mammal      Summ           48%        N/A       4%          1
 Dazzling Flash           Conj/Hex       100%       N/A       1%          3
 Portal Projectile        Hex/Tloc       100%       N/A       1%          3
 Tukima's Dance           Hex            53%        N/A       1%          3
 Volatile Blastmotes      Fire/Tloc      72%        2d16      1%          3
 Leda's Liquefaction      Hex/Erth       29%        N/A       1%          4
 Manifold Assault         Tloc           57%        N/A       1%          4
 Passage of Golubria      Tloc           57%        N/A       1%          4
 Petrify                  Tmut/Erth      54%        N/A       1%          4
 Summon Guardian Golem    Hex/Summ       33%        N/A       2%          3
 Anguish                  Hex/Necr       22%        N/A       3%          4
 Spider Form              Tmut/Pois      27%        N/A       4%          3
 Yara's Violent Unravell  Hex/Tmut       24%        3d11      7%          5
 Call Canine Familiar     Summ           12%        N/A       16%         3
 Ozocubu's Armour         Ice            12%        N/A       16%         3
 Swiftness                Air            12%        N/A       16%         3
 Statue Form              Tmut/Erth      36%        N/A       21%         6
 Metabolic Englaciation   Hex/Ice        16%        N/A       24%         5
 Airstrike                Air            6%         2d(1-17)  45%         4
 Death Channel            Necr           16%        N/A       82%         6
 Lehudib's Crystal Spear  Conj/Erth      33%        10d9      85%         8
 Ozocubu's Refrigeration  Ice            6%         4d8       100%        7
 Storm Form               Tmut/Air       13%        N/A       100%        7
 Animate Armour           Summ/Erth      Unusable   N/A       N/A         4
 Animate Dead             Necr           Unusable   N/A       N/A         4

Dungeon Overview and Level Annotations

Branches:
Dungeon (15/15)            Temple (1/1) D:5            Lair (5/5) D:9
  Swamp (4/4) Lair:2        Snake (0/4) Lair:3        Slime (0/5) Lair:4
    Orc (2/2) D:12            Elf (0/3) Orc:2        Vaults (0/5) D:13
 Depths (0/4) D:15        Ossuary (visited)

Altars:
Ashenzari
Cheibriados
Dithmenos
Elyvilon
Fedhas
Gozag
Hepliaklqana
Kikubaaqudgha
Makhleb
Nemelex Xobeh
Okawaru
Qazlal
Ru
Sif Muna
Trog
Uskayaw
Vehumet
Wu Jian
Xom
Yredelemnul
Zin
The Shining One
Jiyva

Shops:
D:9 :   D:13 =   Orc:2 :(*???(

Portals:
Trove: D:15 (give 6 potions of haste)

Annotations:
D:4 Pikel
D:8 333guts333's ghost, novice MiFi
D:13 2 transporters, Leinaam's ghost, journeyman MiBe
Lair:4 1 runed translucent door
Swamp:3 Bai Suzhen
Swamp:4 senlim's ghost, adept DrCj


Innate Abilities, Weirdness & Mutations

Your dull iron-grey scales are very hard. (AC +14)
You are amphibious.
You cannot fit into any form of body armour.
You are cold-blooded and may be slowed by cold attacks.


Message History

You tail-slap senlim's ghost, but do no damage.
Senlim's ghost is heavily damaged.
You completely miss senlim's ghost.
Your tail-slap misses senlim's ghost.
Senlim's ghost is heavily damaged.
Senlim's ghost mumbles some strange words.
Senlim's ghost erupts in a fountain of uncontrolled magic!
You are blasted with magical radiation!!!
* * * LOW HITPOINT WARNING * * *
You are very lightly contaminated with residual magic.
You feel much better.
Senlim's ghost launches a ball of destructive magic.
The wavering orb of destruction weakly hits you!
* * * LOW HITPOINT WARNING * * *
Casting: Stone Arrow (safe; 1% risk of failure)
Confirm with . or Enter, or press ? or * to list all spells.
You erupt in a blast of force!
The mystic blast hits senlim's ghost but does no damage.
Senlim's ghost is heavily damaged.
Senlim's ghost casts a spell.
Senlim's ghost begins to radiate toxic energy.
* * * LOW HITPOINT WARNING * * *
You are poisoned.
Okay, then.
As you read the scroll of teleportation, it crumbles to dust.
You feel strangely unstable.
You feel sick.
* * * LOW HITPOINT WARNING * * *
You are more poisoned.
Senlim's ghost casts a spell.
Senlim's ghost erupts in a fountain of uncontrolled magic!
You are blasted with magical radiation!!!
* * * LOW HITPOINT WARNING * * *
You are contaminated with residual magic.
Okay, then.
Casting: Iskenderun's Mystic Blast (safe; 1% risk of failure)
Confirm with . or Enter, or press ? or * to list all spells.
You blink.
* * * LOW HITPOINT WARNING * * *
You feel sick.
You die...
Your body crumbles into a pile of gold.

♣.~~.♣♣♣~..~♣♣ ♣..~♣
♣.~~~♣...♣♣♣♣♣♣♣♣♣♣♣.~♣♣
♣♣♣♣♣~..♣♣♣..♣♣..♣♣~~..♣
♣♣.....~~~...~~♣.~.♣♣
♣♣....~.~..........♣
#######♣~♣..~.~..~..♣§♣♣
#!....#..)~~..~~~~♣♣♣♣♣
#}≈≈≈~W§....~♣♣~.~.♣
#?....#.....@♣♣...♣♣
#######♣♣..~..♣♣~♣♣
♣♣~..~§.♣♣♣♣ ♣~~..♣.♣♣
♣♣♣..♣♣♣♣♣ ♣♣♣~§~~♣
♣♣.§.~.♣♣ ♣.~..♣♣♣
♣♣~♣♣♣


You could see senlim's ghost (toxic aura).

Vanquished Creatures
  Frances (Swamp:2)
  A thorn hunter (Swamp:3)
  A fenstrider witch (Swamp:4)
  2 eleionomae (Swamp:4)
  4 bunyips
  Josephine (D:13)
  2 ice dragons (D:14)
  Fannar (Orc:1)
  4 vault guards (D:13)
  2 catoblepae
  6 centaur warriors
  12 ghost crabs
  A boulder beetle (D:12)
  9 hydras
  4 alligators
  6 two-headed ogres
  6 death yaks
  A deep troll shaman (Lair:5)
  3 tengu warriors
  3 orc high priests (Orc:2)
  Amaemon (D:9)
  9 skeletal warriors
  A skyshark (Lair:4)
  4 spriggan druids
  2 goliath frogs
  4 swamp dragons
  3 bog bodies
  A harpy (shapeshifter) (D:15)
  2 necromancers
  3 deep elf pyromancers
  8 orc knights
  10 ugly things
  3 orc sorcerers (Orc:2)
  3 cyclopes
  6 manticores
  4 apocalypse crabs (Swamp:1)
  4 will-o-the-wisps
  Maurice (D:9)
  24 elephants
  6 black mambas
  2 torpor snails
  7 cane toads
  4 gargoyles
  An unseen horror (D:11)
  An orange demon (D:9)
  9 komodo dragons
  3 rime drakes
  5 trolls
  An efreet (D:15)
  8 tyrant leeches
  A queen bee (Lair:1)
  6 hornets
  7 polar bears
  2 wolf spider simulacra (D:15)
  4 dream sheep (Lair:2)
  26 blink frogs
  A shadow (D:10)
  3 wyverns
  13 slime creatures
  37 yaks
  5 spriggans
  A vampire (D:13)
  11 wraiths
  5 basilisks
  Eustachio (D:5)
  A steam dragon (D:9)
  10 vampire mosquitoes
  4 wargs
  11 swamp worms
  An acid dragon (D:11)
  2 nagas (Lair:3)
  14 water moccasins
  A swamp drake (Swamp:2)
  A sky beast (D:8)
  7 ice beasts
  27 orc warriors
  A black bear (Lair:2)
  2 elephant zombies (Lair:3)
  10 ogres
  17 wolves
  8 centaurs
  3 boggarts (D:15)
  2 lemures (D:3)
  A phantom (D:5)
  6 kobold brigands
  A komodo dragon zombie (Lair:3)
  A gnoll sergeant (D:8)
  12 bullfrogs
  A scorpion (D:5)
  8 wights (D:9)
  37 killer bees
  A vampire bat (D:3)
  11 electric eels
  2 wyvern simulacra (D:8)
  A jelly (D:7)
  2 hounds
  26 orc priests
  2 sleepcaps
  Crazy Yiuf (D:3)
  Ijyb (D:5)
  7 iguanas
  30 orc wizards
  9 hell rats
  A polar bear simulacrum (Lair:2)
  4 yak simulacra (Lair:2)
  3 wolf simulacra (Lair:2)
  12 mummies (Ossuary)
  17 gnolls
  6 adders
  8 river rats (Lair:1)
  2 shadow imps
  5 white imps
  2 adder zombies (D:4)
  A worm (D:3)
  4 dart slugs
  3 fire bats (D:3)
  83 orcs
  2 spectral bats (D:3)
  6 ball pythons
  3 bat skeletons (D:3)
  A bat zombie (D:3)
  8 endoplasms
  7 giant cockroaches
  4 hobgoblins
  4 jackals (D:1)
  6 quokkas
  12 bats
  A bat simulacrum (D:3)
  3 frilled lizards
  3 gnoll skeletons (Ossuary)
  10 goblins
  2 goblin skeletons (Ossuary)
  37 kobolds
  A kobold skeleton (Ossuary)
  2 orc skeletons (Ossuary)
  5 rats
  11 rat skeletons (Ossuary)
  3 river rat simulacra (Lair:2)
  5 fulminant prisms
902 creatures vanquished.

Vanquished Creatures (others)
  A goliath frog (Swamp:2)
  An apocalypse crab (Swamp:1)
  2 bloated husks
  A vampire mosquito (D:13)
  2 orcs
  A bush (Lair:3)
  12 foxfires
  137 fulminant prisms
  59 fungi
  74 plants
290 creatures vanquished.

Grand Total: 1192 creatures vanquished

Notes
Turn   | Place    | Note
-------+----------+-------------------------------------------
     0 | D:1      | frystalian the Draconian Conjurer began the quest for the
                  | Orb.
     0 | D:1      | Reached XP level 1. HP: 14/14 MP: 3/3
   222 | D:1      | Reached XP level 2. HP: 22/22 MP: 1/5
   225 | D:1      | Learned a level 2 spell: Searing Ray
   666 | D:1      | Reached XP level 3. HP: 23/27 MP: 2/6
   993 | D:2      | Reached skill level 1 in Fighting
  1214 | D:2      | Reached XP level 4. HP: 30/35 MP: 2/7
  1609 | D:2      | Learned a level 4 spell: Iskenderun's Mystic Blast
  1737 | D:3      | Found an opulent altar of Gozag.
  1752 | D:3      | Became a worshipper of Gozag Ym Sagoz the Greedy
  2387 | D:3      | Reached XP level 5. HP: 41/41 MP: 2/8
  2434 | D:3      | Reached skill level 1 in Maces & Flails
  2434 | D:3      | Reached skill level 5 in Conjurations
  2434 | D:3      | Reached skill level 1 in Translocations
  2807 | D:3      | Found a runed translucent door.
  2808 | D:3      | Noticed Crazy Yiuf
  2815 | D:3      | Killed Crazy Yiuf
  3022 | D:4      | Reached XP level 6. HP: 30/48 MP: 7/10
  3145 | D:4      | Found a glowing golden altar of the Shining One.
  3145 | D:4      | Found a shadowy altar of Dithmenos.
  3201 | D:4      | Identified a scroll of acquirement
  3201 | D:4      | Acquired a staff of conjuration
  3282 | D:4      | Noticed Pikel
  3461 | D:4      | Found a basalt altar of Yredelemnul.
  3518 | D:4      | Your scales start taking on a dull iron-grey colour.
  3518 | D:4      | Reached XP level 7. HP: 56/56 MP: 0/11
  3542 | D:4      | Learned a level 4 spell: Fulminant Prism
  3819 | D:5      | Entered Level 5 of the Dungeon
  4023 | D:5      | Found a staircase to the Ecumenical Temple.
  4039 | Temple   | Entered the Ecumenical Temple
  4039 | Temple   | Found a transporter.
  4039 | Temple   | Found a transporter.
  4041 | Temple   | Found a transporter.
  4041 | Temple   | Found a transporter.
  4260 | D:5      | Noticed Ijyb
  4267 | D:5      | Killed Ijyb
  4295 | D:5      | Reached skill level 1 in Staves
  4295 | D:5      | Reached skill level 1 in Evocations
  4323 | D:5      | Noticed Eustachio
  4372 | D:5      | Killed Eustachio
  4373 | D:5      | Reached skill level 6 in Conjurations
  4373 | D:5      | Reached skill level 1 in Hexes
  4457 | D:5      | Learned a level 1 spell: Sandblast
  4700 | D:6      | Reached XP level 8. HP: 63/63 MP: 3/13
  4706 | D:6      | Noticed a manticore
  4730 | D:6      | Noticed a two-headed ogre
  4799 | D:6      | Found a faded altar of an unknown god.
  4799 | D:6      | Found a white marble altar of Elyvilon.
  4805 | D:6      | Found a broken altar of Ashenzari.
  4810 | D:6      | Found a faded altar of an unknown god.
  4811 | D:6      | Found a snail-covered altar of Cheibriados.
  4861 | D:6      | Found a hazy altar of Hepliaklqana.
  4953 | D:6      | Killed a two-headed ogre
  4954 | D:6      | Reached skill level 1 in Earth Magic
  5919 | D:7      | Reached XP level 9. HP: 70/71 MP: 1/14
  5963 | D:7      | Found a bloodstained altar of Trog.
  5997 | D:7      | Reached skill level 7 in Conjurations
  6198 | D:7      | Learned a level 3 spell: Stone Arrow
  6211 | D:7      | Found a sparkling altar of Nemelex Xobeh.
  6498 | D:7      | Found a blossoming altar of Fedhas.
  6772 | D:8      | Found a runed translucent gate.
  6772 | D:8      | Found a runed translucent gate.
  6772 | D:8      | Found a runed translucent gate.
  6798 | D:8      | Noticed 333guts333's ghost (novice MiFi)
  7083 | D:8      | Noticed an angel
  7084 | D:8      | Found a glowing silver altar of Zin.
  7151 | D:8      | Found a sand-covered staircase.
  7156 | Ossuary  | Entered an ossuary
  8408 | D:8      | Reached skill level 1 in Polearms
  8573 | D:8      | Reached XP level 10. HP: 80/80 MP: 11/16
  8714 | D:8      | You fall into a shaft and drop 2 floors!
  8714 | D:10     | Entered Level 10 of the Dungeon
  8729 | D:10     | Reached skill level 5 in Fighting
  8745 | D:10     | Reached skill level 5 in Stealth
  8961 | D:10     | Reached skill level 8 in Conjurations
  9338 | D:11     | Noticed a cyclops
  9345 | D:11     | Killed a cyclops
  9403 | D:9      | Noticed a two-headed ogre
  9430 | D:9      | Killed a two-headed ogre
  9431 | D:9      | Reached skill level 5 in Spellcasting
  9662 | D:10     | Reached skill level 5 in Dodging
 10001 | D:9      | Reached skill level 5 in Earth Magic
 10051 | D:9      | Noticed Amaemon
 10061 | D:9      | Found a staircase to the Lair.
 10168 | D:10     | Reached skill level 5 in Translocations
 10456 | D:9      | Reached XP level 11. HP: 89/89 MP: 14/18
 10602 | D:10     | Acquired 591 gold pieces
 10788 | D:9      | Identified the +2 scale mail "Tixeqaceet" {rCorr MP+9 Str-5
                  | Int+6}
 11007 | D:9      | Noticed Maurice
 11166 | D:9      | Found a shimmering blue altar of Sif Muna.
 11201 | D:9      | Killed Maurice
 11202 | D:9      | Reached skill level 9 in Conjurations
 11263 | D:9      | Noticed a two-headed ogre
 11728 | D:9      | Found Zimmeomn's Book Shoppe.
 11733 | D:9      | Bought a book of Alchemy for 336 gold pieces
 11733 | D:9      | Bought a book of Blasting for 480 gold pieces
 11739 | D:9      | Learned a level 5 spell: Lee's Rapid Deconstruction
 11914 | D:9      | Killed Amaemon
 11916 | D:9      | Killed a two-headed ogre
 12327 | D:10     | Noticed a two-headed ogre
 12415 | D:10     | Killed a two-headed ogre
 12608 | Lair:1   | Entered Level 1 of the Lair of Beasts
 13196 | Lair:1   | Reached skill level 5 in Hexes
 13386 | Lair:1   | Reached XP level 12. HP: 97/97 MP: 11/21
 13750 | Lair:2   | Reached skill level 10 in Conjurations
 13976 | Lair:2   | Found a staircase to the Swamp.
 15156 | Lair:3   | Noticed a five-headed hydra
 15478 | Lair:3   | Noticed a catoblepas
 15505 | Lair:3   | Killed a catoblepas
 15506 | Lair:3   | Reached XP level 13. HP: 107/107 MP: 11/23
 15546 | Lair:3   | Reached skill level 5 in Maces & Flails
 15546 | Lair:3   | Reached skill level 11 in Conjurations
 16091 | Lair:3   | Found a staircase to the Snake Pit.
 16891 | Lair:4   | Found a runed translucent door.
 17024 | Lair:4   | Learned a level 5 spell: Irradiate
 17027 | Lair:4   | Learned a level 2 spell: Passwall
 17771 | Lair:4   | Found a viscous altar of Jiyva.
 17777 | Lair:4   | Found a staircase to the Slime Pits.
 17955 | Lair:5   | Entered Level 5 of the Lair of Beasts
 17996 | Lair:5   | Reached skill level 1 in Transmutations
 18076 | Lair:5   | Found an ancient bone altar of Kikubaaqudgha.
 18873 | Lair:5   | Reached XP level 14. HP: 83/116 MP: 24/25
 19063 | Lair:5   | Reached skill level 12 in Conjurations
 19750 | Lair:5   | Identified the amulet "Bassaymu" {Spirit rF+}
 20142 | Swamp:1  | Entered Level 1 of the Swamp
 21140 | Swamp:1  | Found a runed translucent door.
 21853 | Swamp:1  | Paralysed by you for 5 turns
 23609 | D:12     | Reached XP level 15. HP: 91/125 MP: 2/27
 23625 | D:12     | Found a staircase to the Orcish Mines.
 24146 | Orc:1    | Entered Level 1 of the Orcish Mines
 24378 | Orc:1    | Noticed Fannar
 24400 | Orc:1    | Killed Fannar
 24802 | Orc:2    | Entered Level 2 of the Orcish Mines
 24999 | Orc:2    | Found Kaes Eqy's Weapon Emporium.
 25042 | Orc:2    | Found Puza's Magic Scroll Emporium.
 25055 | Orc:2    | Bought a scroll of enchant weapon for 105 gold pieces
 25055 | Orc:2    | Bought a scroll of blinking for 105 gold pieces
 25055 | Orc:2    | Bought a scroll of amnesia for 56 gold pieces
 25156 | Orc:2    | Reached skill level 13 in Conjurations
 25844 | Orc:2    | Found Zychafe's Weapon Boutique.
 25844 | Orc:2    | Found Eri Xyci's Book Shoppe.
 25846 | Orc:2    | Found Jaruduti's Magic Scroll Boutique.
 25846 | Orc:2    | Found Odo Godu's Assorted Antiques.
 25906 | Orc:2    | Bought a scroll of teleportation for 42 gold pieces
 25906 | Orc:2    | Bought a scroll of teleportation for 42 gold pieces
 25906 | Orc:2    | Bought a scroll of magic mapping for 105 gold pieces
 25906 | Orc:2    | Bought a scroll of blinking for 105 gold pieces
 25911 | Orc:2    | Bought a potion of heal wounds for 155 gold pieces
 25911 | Orc:2    | Bought a lightning rod (4/4) for 930 gold pieces
 25911 | Orc:2    | Bought a thick blue amulet for 155 gold pieces
 25915 | Orc:2    | Bought a book of Armaments for 612 gold pieces
 25915 | Orc:2    | Bought Great Wizards, Vol. VII for 510 gold pieces
 25915 | Orc:2    | Bought an Inescapable Atlas for 544 gold pieces
 25918 | Orc:2    | Learned a level 2 spell: Blink
 25962 | Orc:2    | Found a staircase to the Elven Halls.
 26048 | Orc:2    | Found Liluusun's Magic Scroll Shop.
 26057 | Orc:2    | Bought a scroll of blinking for 105 gold pieces
 26057 | Orc:2    | Bought a scroll of brand weapon for 133 gold pieces
 26057 | Orc:2    | Bought a scroll of teleportation for 42 gold pieces
 26057 | Orc:2    | Bought a scroll of teleportation for 42 gold pieces
 26057 | Orc:2    | Bought a scroll of enchant weapon for 105 gold pieces
 26483 | D:13     | Reached skill level 10 in Earth Magic
 26612 | D:13     | Found a gate to the Vaults.
 27191 | D:13     | Reached skill level 10 in Fighting
 27370 | D:13     | Found a transporter.
 27373 | D:13     | Noticed Leinaam's ghost (journeyman MiBe)
 27401 | D:13     | Found a transporter.
 27426 | D:13     | Found Qoxoh's Jewellery Shoppe.
 28451 | D:13     | Bought an amulet of regeneration for 360 gold pieces
 28453 | D:13     | Reached XP level 16. HP: 134/134 MP: 27/29
 28460 | D:13     | Learned a level 5 spell: Borgnjor's Vile Clutch
 29065 | D:14     | Noticed Josephine
 29088 | D:13     | Reached skill level 5 in Transmutations
 29421 | D:13     | Killed Josephine
 30189 | D:13     | Bought a ring of protection from fire for 300 gold pieces
 30357 | D:15     | Entered Level 15 of the Dungeon
 31156 | D:14     | Reached XP level 17. HP: 137/140 MP: 7/30
 31571 | D:15     | Found a portal to a secret trove of treasure.
 31826 | D:15     | Found a staircase to the Depths.
 32252 | Swamp:2  | Noticed Frances
 32278 | Swamp:2  | Killed Frances
 33155 | Swamp:2  | Reached skill level 14 in Conjurations
 34463 | Swamp:3  | Noticed Bai Suzhen
 34508 | Swamp:4  | Entered Level 4 of the Swamp
 34877 | Swamp:4  | Found a runed translucent door.
 34878 | Swamp:4  | Noticed senlim's ghost (adept DrCj)
 34981 | Swamp:4  | HP: 2/140 [senlim's ghost (36)]
 34982 | Swamp:4  | Killed from afar by senlim's ghost

Illustrated notes

Levels and vault maps discovered:
D:1:      dpeg_arrival_erosion, layout_basic, serial_bayou_lake_a
D:2:      layout_loops_ring
D:3:      layout_loops_cross, nicolae_gozag_cash_rules_everything_around_me,
          goddamned_bats, uniq_crazy_yiuf_cottage
D:4:      layout_rooms, lemuel_zombie_altar_yredelemnul,
          amethyst_overflow_temple_binary, uniq_pikel
D:5:      layout_loops_ring, minmay_temple_entry_waves, uniq_ijyb,
          uniq_eustachio
D:6:      minmay_cornered_nines, layout_rooms,
          mainiacjoe_overflow_concentric_impassable,
          chequers_temple_overflow_minitemple, serial_park_tiny_pond,
          minmay_misc_feat_roman, hex_tiny
D:7:      layout_cave_pods, fedhas_bush_and_centaur_altar, bloody_trog,
          nemelex_dance_club_becter, grunt_ministairs_15,
          minmay_misc_feat_four_crosses
D:8:      layout_loops_ring, zin_angel, enter_ossuary_2, gammafunk_ghost_icy
D:9:      layout_gridville, mainiacjoe_overflow_tiny_flanked,
          hellmonk_lair_entry_icy, serial_shops, shop, minmay_lizard_king,
          uniq_maurice, uniq_amaemon
D:10:     layout_basic, grunt_ministairs_14
D:11:     layout_roguey
D:12:     layout_basic, erik_orc_4
D:13:     layout_basic, lightli_vaults_fourway_checkpoint, serial_shops,
          nicolae_shop_statue_plus, gammafunk_ghost_mausoleum
D:14:     layout_rooms, uniq_josephine
D:15:     grunt_enter_depths_hoard, layout_rooms, nicolae_trove_entry_crossroad,
          abandoned_shop
Temple:   hellmonk_temple_divided_pantheon
Lair:1:   layout_roguey [special_room_bee], kennysheep_rathole,
          infiniplex_staircase_pool_2, serial_bayou_shore_a
Lair:2:   layout_concentric_octagons, skrybe_swamp_entry_bodies,
          eino_house_with_fridge, lemuel_fruit_fields, grunt_megastairs_5
Lair:3:   pond_and_an_island_with_a_cottage, layout_misc_corridors,
          minmay_snake_entry_guardpost_small, st_stairs_6
Lair:4:   layout_hall_layers, dpeg_slime_entry_corner, pf_torpor_hydra
Lair:5:   grunt_lair_end_beastmaster, layout_regular_city, basic_altar,
          infiniplex_staircase_pool
Swamp:1:  gammafunk_mikee_crab_dinner, layout_basic_swamp,
          evilmike_swamp_ruin_wall, swamp_pool3
Swamp:2:  layout_basic_swamp, nicolae_swamp_some_circles, uniq_frances
Swamp:3:  layout_basic_swamp, evilmike_swamp_ruin_house_2, swamp_pool3,
          nicolae_swamp_fairy_circle, cheibrodos_swamp_minitomb, uniq_bai_suzhen
Swamp:4:  swamp_alternative, layout_basic_swamp, ebering_ghost_reflecting_pool,
          nicolae_swamp_no_escape
Orc:1:    layout_caves, basic_altar, uniq_fannar
Orc:2:    grunt_orc_tribal_feast, layout_diamond_mine, serial_shops,
          nicolae_shop_advertising_works [nicolae_subvault_shop_adworks], shop,
          shop

Skill      XL: |  1  2  3  4  5  6  7  8  9 10 11 12 13 14 15 16 17 |
---------------+----------------------------------------------------+-----
Stealth        | 2 3 4 5 6 7 8 9 |  9.6
Dodging        | 2 3 4 5 6 7 8 9 |  9.1
Fighting       | 1 2 3 4 5 6 7 8 9 10 | 10.1
Maces & Flails | 1 3 4 6 7 8 |  8.3
Conjurations   | 5 6 7 8 9 10 11 12 13 14 | 14.2
Translocations | 1 2 3 4 5 6 7 8 9 |  9.7
Spellcasting   | 3 4 5 6 7 8 9 |  9.7
Staves         | 1 2 3 |  3.2
Evocations     | 1 2 3 |  3.3
Hexes          | 1 2 3 4 5 6 7 8 |  8.7
Earth Magic    | 2 3 5 6 7 8 9 11 | 11.7
Polearms       | 1 3 |  3.0
Transmutations | 2 3 4 5 6 |  6.1
Necromancy     | 2 3 4 |  4.1

Action                     |  1- 3 |  4- 6 |  7- 9 | 10-12 | 13-15 | 16-18 || total
---------------------------+-------+-------+-------+-------+-------+-------++-------
  Melee: Spear             |    64 |       |       |       |       |       ||    64
         Tailslap          |     6 |    10 |    26 |   108 |   224 |    50 ||   424
         Mace              |    17 |       |       |       |       |       ||    17
         Dagger            |     4 |    12 |       |       |       |       ||    16
         Whip              |       |    37 |       |       |       |       ||    37
         Punch             |       |     1 |     4 |     8 |    22 |     7 ||    42
         Quarterstaff      |       |    34 |    21 |       |       |       ||    55
         Staff             |       |       |    35 |       |       |       ||    35
         Flail             |       |       |   124 |   206 |       |       ||   330
         Halberd           |       |       |    26 |    55 |       |       ||    81
         Demon whip        |       |       |       |   410 |  1048 |   365 ||  1823
         Unarmed           |       |       |       |       |     4 |       ||     4
  Throw: Dart              |       |       |     8 |     5 |     2 |       ||    15
         Boomerang         |       |       |     2 |       |       |       ||     2
   Cast: Magic Dart        |    35 |     4 |     6 |       |     3 |       ||    48
         Searing Ray       |    13 |    32 |    38 |    14 |     1 |     3 ||   101
         Iskenderun's Myst |       |     4 |    19 |    86 |   154 |    82 ||   345
         Fulminant Prism   |       |       |    37 |    37 |    53 |    15 ||   142
         Stone Arrow       |       |       |     7 |    82 |   246 |   165 ||   500
         Sandblast         |       |       |     6 |       |       |       ||     6
         Lee's Rapid Decon |       |       |       |     3 |    20 |     7 ||    30
         Blink             |       |       |       |       |       |     2 ||     2
 Invoke: Potion Petition   |       |       |       |     2 |     7 |       ||     9
  Evoke: Wand              |       |       |     3 |    14 |     4 |     4 ||    25
         Lightning rod     |       |       |       |       |     1 |     2 ||     3
    Use: Scroll            |       |    12 |     5 |    12 |    19 |     8 ||    56
         Potion            |       |     2 |     5 |     6 |     4 |     5 ||    22
   Stab: Sleeping          |     1 |     1 |     1 |     4 |     1 |       ||     8
         Paralysed         |       |     1 |       |       |       |       ||     1
         Distracted        |       |       |     1 |     2 |     2 |     1 ||     6
         Invisible         |       |       |       |     3 |       |       ||     3
 Armour: Skin              |    24 |    70 |   163 |   297 |   402 |   225 ||  1181
  Dodge: Dodged            |    47 |   109 |   176 |   774 |   894 |   393 ||  2393
